 Dungeon Crawl Stone Soup version bcrawl-1.32 (webtiles) character file.

Game seed: 14573167332564739420

109448 KristoblXynda the Skirmisher (level 4, -1/40 HPs)
             Began as a Draconian Gladiator on July 11, 2021.
             Slain by a quokka (2 damage)
             ... on level 3 of the Dungeon.
             The game lasted 00:04:09 (2562 turns).

KristoblXynda the Skirmisher (Draconian Gladiator)  Turns: 2562, Time: 00:04:10

Health: -1/40      AC:  6    Str: 16    XL:     4   Next: 38%
Magic:  4/4        EV: 13    Int:  8    God:
Gold:   92         SH:  0    Dex: 14    Spells: 3/3 levels left

rFire    . . .     SeeInvis .   k - +3 dagger
rCold    . . .     Gourm    .   (no shield)
rNeg     . . .     Faith    .   (armour unavailable)
rPois    .         Spirit   .   b - +1 hat
rElec    .         Reflect  .   (no cloak)
rCorr    .         Harm     .   (no gloves)
MR       .....                  (no boots)
Stlth    +.........             (no amulet)
HPRegen  0.13/turn              (no ring)
MPRegen  0.09/turn              (no ring)

@: no status effects
A: unfitting armour, cold-blooded, AC +5
a: no special abilities


You were on level 3 of the Dungeon.
You were hungry.

You visited 1 branch of the dungeon, and saw 3 of its levels.

You collected 92 gold pieces.

Inventory:

Hand Weapons
 a - a +0 long sword
 k - a +3 dagger (weapon)
Missiles
 c - a throwing net (quivered) {=f}
Armour
 b - a +1 hat (worn)
Scrolls
 j - a scroll of magic mapping
 l - a scroll of enchant armour {unknown}
 m - a scroll of teleportation {unknown}
Potions
 g - a potion of agility {unknown}
 h - a potion of degeneration {unknown}
 i - a potion of haste {unknown}
 n - a potion of resistance {unknown}
Comestibles
 e - 5 rations {!d}


   Skills:
 + Level 4.0 Fighting
 * Level 4.0 Long Blades
 - Level 2.1 Throwing
 + Level 3.3 Dodging


You had 3 spell levels left.
You didn't know any spells.
Your spell library was empty.

Dungeon Overview and Level Annotations

Branches:
Dungeon (3/12)

Altars:


Innate Abilities, Weirdness & Mutations

Your plain brown scales are hard. (AC +5)
You cannot fit into any form of body armour.
You are cold-blooded and may be slowed by cold attacks.


Message History

The orc priest is almost dead.
The quokka barely misses you.
The orc priest calls down the wrath of Beogh upon you.
Pain shoots through your body!
* * * LOW HITPOINT WARNING * * *
No path to travel!
It was a potion of magic.
Magic courses through your body. The quokka completely misses you.
The quokka misses you.
No path to travel!
Okay, then.
Throwing (i - inventory)
c - 2 throwing nets (quivered)
{=f}
Press: ? - help, Shift-Dir - straight line, f/p - orc priest
Aim: an orc priest, wielding a +0 flail and wearing a +0 scale mail (almost dead)
You throw a throwing net {=f}.
The throwing net {=f} hits the orc priest.
The orc priest is caught in the net!
The orc priest is almost dead.
The orc priest struggles against the net.
The quokka bites you.
You die...

*,* *,,,,,,,,*,****#.##.....#
*<* *,*,**,.>.,,** #.##.....#
*,****,*,*###.#,.[* #.##.....#
*,,,,.,..,..#.#.#.###.##...So#
*****#.#.*#.#.#(......).S..#.#
#.#.##.#.####.##.######)#
#....#.#.#..#............
#....#.#o#..#..#.....†...
****###....#.#@#..#........†#.#
*,,,.........r.#.....<.........
*,,,.........####.#...#######.#
*,,,.........)......>..........
*,,,########.####.#.#..######.#
*,,,* *,,,....,...#.#..#****...
*,,,* *,.....######.#....,,,...
*,,,***###....****#.#..###**,,,
*,,,,,,,,.....,,,,#.#..# *,,*


You could see an orc priest (caught) and a quokka.

Vanquished Creatures
  2 adders (D:3)
  3 worms
  2 leopard geckos (D:1)
  3 orcs
  7 bats
  2 giant cockroaches
  2 goblins (D:2)
  9 hobgoblins
  4 jackals
  A ball python (D:2)
  6 frilled lizards
  12 kobolds
  8 rats
61 creatures vanquished.

Notes
Turn   | Place    | Note
-------+----------+-------------------------------------------
     0 | D:1      | KristoblXynda the Draconian Gladiator began the quest for
                  | the Orb.
     0 | D:1      | Reached XP level 1. HP: 19/19 MP: 1/1
   212 | D:1      | Reached XP level 2. HP: 26/26 MP: 2/2
  1193 | D:2      | Reached XP level 3. HP: 33/33 MP: 3/3
  2252 | D:3      | Reached XP level 4. HP: 40/40 MP: 4/4
  2560 | D:3      | HP: 1/40 [orc priest/nerve-wracking pain (11)]
  2562 | D:3      | Slain by a quokka

Skill      XL: |  1  2  3  4 |
---------------+-------------+-----
Throwing       | 2 |  2.1
Dodging        | 3 |  3.3
Fighting       | 4 |  4.0
Long Blades    | 4 |  4.0

Action                   |  1- 3 |  4- 6 || total
-------------------------+-------+-------++-------
Melee: Long sword        |    55 |       ||    55
       Tailslap          |    19 |    13 ||    32
       Dagger            |   106 |    69 ||   175
Throw: Throwing net      |       |     2 ||     2
  Use: Potion            |       |     2 ||     2
       Scroll            |       |     1 ||     1
 Stab: Sleeping          |     2 |       ||     2
  Eat: Chunk             |     8 |     2 ||    10
Armor: Skin              |    53 |    14 ||    67
Dodge: Dodged            |   100 |    37 ||   137
Block: Other             |     2 |       ||     2
